AoeStats
← Rapis94

Arabia

508151428Analyzed
1v1 RM · 12d ago on Sep 21, 2026· 45m 33s· 2 players
Game mode
Random Map
Map size
Tiny (2 player)
Population
200
Speed
Normal
Resources
Standard
Victory
Conquest
Starting age
Dark Age
Ending age
Imperial Age
RankedLock teamsTeams togetherTeam positionsShared explorationLock speedFull tech treeHidden civsTurbo modeCheats
Victory
Defeat
🇨🇦 Khmer · Canada
918
+16
🇺🇾 Burgundians · Uruguay
919
-16
King_Reasat
3:26 Loom
9:06 Feudal Age
17:03 Castle Age
18:11 Light Cavalry
18:54 Husbandry
22:27 Bloodlines
27:46 Double-Bit Axe
28:31 Horse Collar
30:17 Forging
32:19 Iron Casting
34:08 Gold Mining
34:50 Scale Barding Armor
35:57 Stone Mining
43:18 Chain Barding Armor
42:59 Fletching
46:01 Bodkin Arrow
Rapis94
6:37 Loom
9:40 Feudal Age
16:06 Forging
16:01 Scale Barding Armor
24:44 Castle Age
26:34 Pikeman
41:41 Burgundian Vineyards
41:01 Cavalier
Connection lost

Rejoining the realm…

Still unreachable

The connection could not be restored.

Session expired

The server has moved on; the page needs a fresh start.